Minnesota North Stars vs Winnipeg Jets
Created - Wednesday, May 10, 2023 at 07:10
Goals
|
| Minnesota North Stars |
2 |
2 |
0 |
4 |
| Winnipeg Jets |
2 |
1 |
0 |
3 |
|
Shots
|
| Minnesota North Stars |
12 |
18 |
10 |
40 |
| Winnipeg Jets |
11 |
16 |
7 |
34 |
|
1st period
1. Winnipeg Jets , Connor McDavid 18 (Mark Stone 15) at 0:35 (PP)
2. Winnipeg Jets , Connor McDavid 19 (Ryan Nugent-Hopkins 24) at 3:35
3. Minnesota North Stars , Jack Hughes 17 (Evgeni Malkin 29) at 3:43
4. Minnesota North Stars , Rasmus Dahlin 6 (Zdeno Chara 15, Viktor Arvidsson 23) at 19:45
Penalties :
Rasmus Dahlin (MNS) for Boarding (Minor) at 0:25, Neal Pionk (MNS) for Roughing (Double Minor) at 5:21, Adam Lowry (MNS) for High sticking (Minor) at 16:31
2nd period
5. Winnipeg Jets , Ryan Nugent-Hopkins 19 (Aaron Ekblad 10, Connor McDavid 33) at 8:52
6. Minnesota North Stars , Conor Sheary 3 (Gustav Forsling 10, Zdeno Chara 16) at 12:31
7. Minnesota North Stars , Conor Sheary 4 (Nick Holden 1, Brian Elliott) at 19:08
Penalties :
No Penalty
3rd period
No Goal
Penalties :
Dylan Larkin (WPG) for Hooking (Minor) at 3:55, Connor McDavid (WPG) for Hooking (Minor) at 12:09, Jeff Skinner (MNS) for Hooking (Minor) at 18:30
Goalie Stats
Brian Elliott (MNS), 31 saves from 34 shots - (0.912), W, 17-11-0, 60:00 minutes
Connor Hellebuyck (WPG), 36 saves from 40 shots - (0.900), L, 18-15-4, 59:46 minutes
Players Stats for Minnesota North Stars
Player Name G A P +/- PIM S H SB GA TA FO MP PP MP PK MP
------------------------------------------------------------------------------------
Adam Lowry 0 0 0 -2 2 0 2 0 1 1 6/12 14:29 0:00 1:40
Alex Goligoski 0 0 0 0 0 2 0 3 0 1 0/0 16:05 1:41 1:14
Andrew Poturalski 0 0 0 1 0 0 1 0 0 0 1/4 7:21 0:00 0:00
Conor Sheary 2 0 2 1 0 4 0 0 0 0 0/0 7:21 0:00 0:00
David Perron 0 0 0 1 0 2 2 1 1 0 0/0 20:08 2:04 2:35
Evgeni Malkin 0 1 1 1 0 7 0 0 1 0 13/22 17:09 2:04 0:00
Gustav Forsling 0 1 1 1 0 1 2 1 0 0 0/0 20:28 2:17 3:21
Gustav Nyquist 0 0 0 -2 0 6 1 0 0 0 1/1 13:35 0:00 1:04
Jack Hughes 1 0 1 1 0 3 3 0 3 0 0/1 20:50 2:04 3:41
Jeff Skinner 0 0 0 2 2 1 0 0 0 0 1/1 14:57 1:54 0:00
Jonathan Toews 0 0 0 2 0 1 0 0 0 0 9/12 18:56 1:54 3:58
Neal Pionk 0 0 0 1 4 0 3 1 0 0 0/0 19:29 1:41 1:23
Nick Holden 0 1 1 0 0 1 1 0 0 0 0/0 15:27 0:00 2:02
Nino Niederreiter 0 0 0 1 0 2 0 0 0 0 0/0 7:21 0:00 0:00
Rasmus Dahlin 1 0 1 1 2 4 3 2 0 0 0/0 25:24 2:17 3:42
Viktor Arvidsson 0 1 1 2 0 2 0 0 0 0 0/0 14:58 1:54 0:00
Yegor Sharangovich 0 0 0 -2 0 2 0 1 1 0 1/1 15:11 0:00 2:16
Zdeno Chara 0 2 2 1 0 2 1 3 0 1 0/0 23:10 0:00 3:32
Players Stats for Winnipeg Jets
Player Name G A P +/- PIM S H SB GA TA FO MP PP MP PK MP
------------------------------------------------------------------------------------
Aaron Ekblad 0 1 1 0 0 1 1 2 1 1 0/0 25:30 4:13 2:11
Andrew Cogliano 0 0 0 -1 0 0 3 0 0 0 0/2 9:40 0:00 2:03
Andrew Copp 0 0 0 -1 0 0 0 1 0 1 0/0 12:41 0:00 1:02
Brandon Montour 0 0 0 -3 0 0 1 1 0 0 0/0 23:46 3:59 1:47
Connor McDavid 2 1 3 2 2 5 2 0 1 0 13/27 20:35 3:47 0:00
Dylan Larkin 0 0 0 -2 2 4 2 0 1 0 3/9 15:32 2:59 0:00
Jacob Trouba 0 0 0 -2 0 1 2 2 0 0 0/0 17:37 0:37 1:47
John Klingberg 0 0 0 1 0 0 4 0 0 0 0/0 14:02 3:01 0:00
Jonathan Marchessault 0 0 0 -1 0 1 1 0 0 0 0/0 12:51 0:49 0:03
Kevin Shattenkirk 0 0 0 1 0 0 1 2 0 2 0/0 14:42 0:23 2:11
Kyle Palmieri 0 0 0 -1 0 1 1 0 0 0 0/0 7:27 0:00 0:00
Mark Stone 0 1 1 2 0 0 0 0 0 1 0/1 21:47 3:44 0:41
Mathew Barzal 0 0 0 -2 0 4 1 1 0 0 0/1 16:38 2:59 0:53
Nick Suzuki 0 0 0 -1 0 5 0 2 0 0 4/9 13:37 0:48 1:02
Pius Suter 0 0 0 -1 0 2 0 0 0 0 0/1 10:00 0:57 2:12
Ryan Nugent-Hopkins 1 1 2 2 0 5 3 1 0 0 2/4 20:08 3:49 0:00
Seth Jones 0 0 0 -1 0 4 0 2 0 1 0/0 24:23 3:01 0:00
Tyler Toffoli 0 0 0 -2 0 1 2 1 0 1 0/0 15:04 2:59 0:00
3 Stars
1 - Connor McDavid (WPG)
2 - Conor Sheary (MNS)
3 - Ryan Nugent-Hopkins (WPG)
Power Play
Minnesota North Stars - 0 on 2 Attempt(s) - 0.00%
Winnipeg Jets - 1 on 5 Attempt(s) - 20.00%
Penalty Kill
Minnesota North Stars - 4 on 5 Attempt(s) - 80.00%
- Score 0 goal in Penalty Kill
Winnipeg Jets - 2 on 2 Attempt(s) - 100.00%
- Score 0 goal in Penalty Kill
Team Stat
Minnesota North Stars - Hits : 19 - Faceoff Wins : 32 - Blocked Shots : 12 - Penalty Minutes : 10
Winnipeg Jets - Hits : 24 - Faceoff Wins : 22 - Blocked Shots : 15 - Penalty Minutes : 4
Official
Referees : Francois StLaurent and Marc Joannette
Linesman : Lonnie Cameron and Mark Wheler
Game Notes
No Game Note
Finance
Level 1 -- Attendance: 5382 (89.70%) -- Ticket Income $495,144
Level 2 -- Attendance: 4349 (86.98%) -- Ticket Income $239,195
Level 3 -- Attendance: 2973 (99.10%) -- Ticket Income $89,190
Level 4 -- Attendance: 5000 (100.00%) -- Ticket Income $110,000
Luxury Box -- Attendance: 920 (92.00%) -- Ticket Income $174,800
Game was played at the MTS Centre.
Total Attendance: 18624 (93.12%)
Total Ticket Income: $1,108,329
Other Income: $387,915
Total Income: $1,496,244
Minnesota North Stars
5 vs 5 Forward
Center Left Wing Right Wing Time % Phy DF OF
1 Evgeni Malkin Jack Hughes David Perron 40 1 2 2
2 Jonathan Toews Jeff Skinner Viktor Arvidsson 31 1 2 2
3 Adam Lowry Yegor Sharangovich Gustav Nyquist 24 1 2 2
4 Andrew Poturalski Conor Sheary Nino Niederreiter 5 1 2 2
5 vs 5 Defense
Defense Defense Time % Phy DF OF
1 Rasmus Dahlin Zdeno Chara 40 1 2 2
2 Neal Pionk Gustav Forsling 30 1 2 2
3 Alex Goligoski Nick Holden 20 1 2 2
4 Rasmus Dahlin Zdeno Chara 10 1 2 2
PowerPlay Forward
Center Left Wing Right Wing Time % Phy DF OF
1 Evgeni Malkin Jack Hughes David Perron 60 1 2 2
2 Jonathan Toews Jeff Skinner Viktor Arvidsson 40 1 2 2
PowerPlay Defense
Defense Defense Time % Phy DF OF
1 Rasmus Dahlin Gustav Forsling 60 1 2 2
2 Neal Pionk Alex Goligoski 40 1 2 2
Penalty Kill 4 Players Forward
Center Wing Time % Phy DF OF
1 Jonathan Toews Jack Hughes 60 1 2 2
2 Adam Lowry David Perron 40 1 2 2
Penalty Kill 4 Players Defense
Defense Defense Time % Phy DF OF
1 Rasmus Dahlin Zdeno Chara 60 1 2 2
2 Neal Pionk Gustav Forsling 40 1 2 2
Penalty Kill - 3 Players Forward
Forward Time % Phy DF OF
1 Jonathan Toews 60 1 2 2
2 Adam Lowry 40 1 2 2
Penalty Kill - 3 Players Defense
Defense Defense Time % Phy DF OF
1 Nick Holden Zdeno Chara 60 1 2 2
2 Neal Pionk Gustav Forsling 40 1 2 2
4 vs 4 Forward
Center Wing Time % Phy DF OF
1 Evgeni Malkin Jack Hughes 60 1 2 2
2 Jonathan Toews David Perron 40 1 2 2
4 vs 4 Defense
Defense Defense Time % Phy DF OF
1 Rasmus Dahlin Gustav Forsling 60 1 2 2
2 Neal Pionk Alex Goligoski 40 1 2 2
Last Minutes Offensive
Center Left Wing Right Wing Defense Defense
Evgeni Malkin Jack Hughes David Perron Rasmus Dahlin Gustav Forsling
Last Minutes Defensive
Center Left Wing Right Wing Defense Defense
Jonathan Toews Adam Lowry Yegor Sharangovich Rasmus Dahlin Gustav Forsling
Goaltenders
Starting : Brian Elliott
Backup : Antti Raanta
Extra Forwards
Normal : Evgeni Malkin, Jack Hughes, Jeff Skinner - PP : Evgeni Malkin, Jack Hughes - PK : Jonathan Toews
Extra Defensemen
Normal : Rasmus Dahlin, Neal Pionk, Gustav Forsling - PP : Rasmus Dahlin - PK : Nick Holden, Neal Pionk
Penalty Shots
Evgeni Malkin, Jack Hughes, Jeff Skinner, David Perron, Yegor Sharangovich
Winnipeg Jets
5 vs 5 Forward
Center Left Wing Right Wing Time % Phy DF OF
1 Connor McDavid Ryan Nugent-Hopkins Mark Stone 40 1 1 3
2 Dylan Larkin Mathew Barzal Tyler Toffoli 30 1 1 3
3 Nick Suzuki Jonathan Marchessault Andrew Copp 20 1 2 2
4 Pius Suter Andrew Cogliano Kyle Palmieri 10 1 2 2
5 vs 5 Defense
Defense Defense Time % Phy DF OF
1 Aaron Ekblad Seth Jones 40 1 2 2
2 Brandon Montour Jacob Trouba 30 1 2 2
3 Kevin Shattenkirk John Klingberg 20 1 2 2
4 Seth Jones Brandon Montour 10 1 2 2
PowerPlay Forward
Center Left Wing Right Wing Time % Phy DF OF
1 Connor McDavid Ryan Nugent-Hopkins Mark Stone 60 1 0 4
2 Dylan Larkin Mathew Barzal Tyler Toffoli 40 1 1 3
PowerPlay Defense
Defense Defense Time % Phy DF OF
1 Aaron Ekblad Brandon Montour 60 1 1 3
2 John Klingberg Seth Jones 40 1 2 2
Penalty Kill 4 Players Forward
Center Wing Time % Phy DF OF
1 Pius Suter Andrew Cogliano 60 1 3 1
2 Nick Suzuki Andrew Copp 40 1 3 1
Penalty Kill 4 Players Defense
Defense Defense Time % Phy DF OF
1 Aaron Ekblad Kevin Shattenkirk 60 1 3 1
2 Jacob Trouba Brandon Montour 40 1 3 1
Penalty Kill - 3 Players Forward
Forward Time % Phy DF OF
1 Pius Suter 60 1 2 2
2 Andrew Copp 40 1 2 2
Penalty Kill - 3 Players Defense
Defense Defense Time % Phy DF OF
1 Aaron Ekblad Kevin Shattenkirk 60 1 2 2
2 Jacob Trouba Seth Jones 40 1 2 2
4 vs 4 Forward
Center Wing Time % Phy DF OF
1 Nick Suzuki Mark Stone 60 1 2 2
2 Connor McDavid Jonathan Marchessault 40 1 2 2
4 vs 4 Defense
Defense Defense Time % Phy DF OF
1 John Klingberg Jacob Trouba 60 1 2 2
2 Kevin Shattenkirk Aaron Ekblad 40 1 2 2
Last Minutes Offensive
Center Left Wing Right Wing Defense Defense
Connor McDavid Ryan Nugent-Hopkins Tyler Toffoli Aaron Ekblad Brandon Montour
Last Minutes Defensive
Center Left Wing Right Wing Defense Defense
Pius Suter Andrew Cogliano Andrew Copp Kevin Shattenkirk Jacob Trouba
Goaltenders
Starting : Connor Hellebuyck
Backup : Jake Allen
Extra Forwards
Normal : Jonathan Marchessault, Mathew Barzal, Kyle Palmieri - PP : Jonathan Marchessault, Nick Suzuki - PK : Mark Stone
Extra Defensemen
Normal : John Klingberg, Brandon Montour, Seth Jones - PP : Jacob Trouba - PK : Seth Jones, John Klingberg
Penalty Shots
Connor McDavid, Ryan Nugent-Hopkins, Dylan Larkin, Nick Suzuki, Andrew Copp
% Time on Ice - Minnesota North Stars
Lines # - Real PCT - Wanted PCT - Time Play
Normal Forward
1 - 31% - 40% - 15:10
2 - 28% - 31% - 13:28
3 - 26% - 24% - 12:26
4 - 15% - 5% - 7:21
Normal Defense
1 - 36% - 40% - 17:24
2 - 32% - 30% - 15:34
3 - 27% - 20% - 12:50
4 - 5% - 10% - 2:37
PP Forward
1 - 52% - 60% - 2:04
2 - 48% - 40% - 1:54
PP Defense
1 - 58% - 60% - 2:17
2 - 42% - 40% - 1:41
PK Forward
1 - 66% - 60% - 5:02
2 - 34% - 40% - 2:35
PK Defense
1 - 47% - 60% - 3:35
2 - 53% - 40% - 4:02
PK3 Forward
1 - 0% - 60%
2 - 0% - 40%
PK3 Defense
1 - 0% - 60%
2 - 0% - 40%
44 Forward
1 - 0% - 60%
2 - 0% - 40%
44 Defense
1 - 0% - 60%
2 - 0% - 40%
Last Minute Offensive - 0:00
Last Minute Defensive - 0:00
Total
Forward - 60:00
Defense - 60:00
|
% Time on Ice - Winnipeg Jets
Lines # - Real PCT - Wanted PCT - Time Play
Normal Forward
1 - 36% - 40% - 17:38
2 - 25% - 30% - 12:05
3 - 24% - 20% - 11:39
4 - 15% - 10% - 7:03
Normal Defense
1 - 40% - 40% - 19:17
2 - 31% - 30% - 15:13
3 - 22% - 20% - 10:44
4 - 7% - 10% - 3:11
PP Forward
1 - 58% - 60% - 4:25
2 - 42% - 40% - 3:12
PP Defense
1 - 60% - 60% - 4:36
2 - 40% - 40% - 3:01
PK Forward
1 - 74% - 60% - 2:56
2 - 26% - 40% - 1:02
PK Defense
1 - 55% - 60% - 2:11
2 - 45% - 40% - 1:47
PK3 Forward
1 - 0% - 60%
2 - 0% - 40%
PK3 Defense
1 - 0% - 60%
2 - 0% - 40%
44 Forward
1 - 0% - 60%
2 - 0% - 40%
44 Defense
1 - 0% - 60%
2 - 0% - 40%
Last Minute Offensive - 0:00
Last Minute Defensive - 0:00
Total
Forward - 60:00
Defense - 60:00
|
Play-by-Play
1st period
0:01 of 1st period - Ryan Nugent-Hopkins wins face-off versus Evgeni Malkin in neutral zone.
0:13 of 1st period - Wrist shot by Evgeni Malkin.
0:13 of 1st period - Shot Misses the Net.
0:25 of 1st period - Minor Penalty to Rasmus Dahlin for Boarding.
0:26 of 1st period - Jonathan Toews wins face-off versus Connor McDavid in Minnesota North Stars zone.
0:35 of 1st period - Wrist shot by Connor McDavid.
0:35 of 1st period - Goal by Connor McDavid - Minnesota North Stars : 0 - Winnipeg Jets : 1.
0:36 of 1st period - Jonathan Toews wins face-off versus Dylan Larkin in neutral zone.
0:51 of 1st period - Wrist shot by Dylan Larkin.
0:51 of 1st period - Deflect By Jonathan Toews.
0:51 of 1st period - Shot Misses the Net.
0:51 of 1st period - Puck is out of play.
0:52 of 1st period - Nick Suzuki wins face-off versus Adam Lowry in Minnesota North Stars zone.
0:57 of 1st period - Wrist shot by Andrew Copp.
0:57 of 1st period - Shot Misses the Net.
1:26 of 1st period - Slapshot by Gustav Nyquist.
1:26 of 1st period - Shot Blocked by Nick Suzuki.
1:28 of 1st period - Wrist shot by Gustav Nyquist.
1:28 of 1st period - Stopped by Connor Hellebuyck without a rebound.
1:29 of 1st period - Jonathan Toews wins face-off versus Connor McDavid in Winnipeg Jets zone.
1:46 of 1st period - Snap shot by Ryan Nugent-Hopkins.
1:46 of 1st period - Stopped by Brian Elliott with a rebound.
2:16 of 1st period - Wrist shot by Jeff Skinner.
2:16 of 1st period - Deflect By Viktor Arvidsson.
2:16 of 1st period - Stopped by Connor Hellebuyck without a rebound.
2:17 of 1st period - Dylan Larkin wins face-off versus Evgeni Malkin in Winnipeg Jets zone.
2:17 of 1st period - Dylan Larkin is hit by Rasmus Dahlin.
2:31 of 1st period - Snap shot by Dylan Larkin.
2:31 of 1st period - Stopped by Brian Elliott with a rebound.
2:33 of 1st period - Slapshot by Seth Jones.
2:33 of 1st period - Deflect By Zdeno Chara.
2:33 of 1st period - Stopped by Brian Elliott without a rebound.
2:34 of 1st period - Andrew Poturalski wins face-off versus Andrew Cogliano in Minnesota North Stars zone.
3:23 of 1st period - Snap shot by Evgeni Malkin.
3:23 of 1st period - Stopped by Connor Hellebuyck without a rebound.
3:24 of 1st period - Connor McDavid wins face-off versus Adam Lowry in Winnipeg Jets zone.
3:29 of 1st period - Alex Goligoski is hit by John Klingberg.
3:35 of 1st period - Snap shot by Connor McDavid.
3:35 of 1st period - Goal by Connor McDavid - Minnesota North Stars : 0 - Winnipeg Jets : 2.
3:36 of 1st period - Evgeni Malkin wins face-off versus Dylan Larkin in neutral zone.
3:41 of 1st period - Snap shot by Evgeni Malkin.
3:41 of 1st period - Stopped by Connor Hellebuyck with a rebound.
3:43 of 1st period - Wrist shot by Jack Hughes.
3:43 of 1st period - Goal by Jack Hughes - Minnesota North Stars : 1 - Winnipeg Jets : 2.
3:44 of 1st period - Evgeni Malkin wins face-off versus Nick Suzuki in neutral zone.
4:11 of 1st period - Rasmus Dahlin is hit by Connor McDavid and loses puck.
4:18 of 1st period - Brandon Montour is hit by Zdeno Chara and loses puck.
5:21 of 1st period - Double Minor Penalty to Neal Pionk for Roughing.
5:22 of 1st period - Connor McDavid wins face-off versus Jonathan Toews in Minnesota North Stars zone.
5:53 of 1st period - Tyler Toffoli is hit by Gustav Forsling and loses puck.
6:00 of 1st period - Snap shot by Mathew Barzal.
6:00 of 1st period - Stopped by Brian Elliott with a rebound.
6:02 of 1st period - Snap shot by Mathew Barzal.
6:02 of 1st period - Shot Blocked by Gustav Forsling.
6:04 of 1st period - Snap shot by Tyler Toffoli.
6:04 of 1st period - Stopped by Brian Elliott with a rebound.
9:21 of 1st period - Penalty to Neal Pionk is over, Neal Pionk is back on ice.
9:31 of 1st period - Brandon Montour is hit by Neal Pionk.
9:55 of 1st period - Aaron Ekblad is hit by Andrew Poturalski and loses puck.
10:10 of 1st period - Seth Jones is hit by Adam Lowry and loses puck.
10:57 of 1st period - Conor Sheary is hit by Andrew Cogliano and loses puck.
11:06 of 1st period - Kyle Palmieri is hit by Neal Pionk.
11:35 of 1st period - Mark Stone is hit by Jack Hughes and loses puck.
12:05 of 1st period - Tyler Toffoli is hit by Neal Pionk and loses puck.
12:14 of 1st period - Snap shot by Nino Niederreiter.
12:14 of 1st period - Shot Misses the Net.
12:16 of 1st period - Snap shot by Nino Niederreiter.
12:16 of 1st period - Deflect By Conor Sheary.
12:16 of 1st period - Stopped by Connor Hellebuyck with a rebound.
12:28 of 1st period - Kevin Shattenkirk is hit by Jack Hughes and loses puck.
12:37 of 1st period - David Perron is hit by John Klingberg and loses puck.
13:15 of 1st period - Slapshot by Connor McDavid.
13:15 of 1st period - Stopped by Brian Elliott without a rebound.
13:16 of 1st period - Connor McDavid wins face-off versus Evgeni Malkin in Minnesota North Stars zone.
15:10 of 1st period - Zdeno Chara is hit by Dylan Larkin and loses puck.
15:31 of 1st period - Rasmus Dahlin is hit by Kevin Shattenkirk.
15:56 of 1st period - Snap shot by Nick Suzuki.
15:56 of 1st period - Stopped by Brian Elliott with a rebound.
15:58 of 1st period - Wrist shot by Nick Suzuki.
15:58 of 1st period - Shot Blocked by Zdeno Chara.
16:00 of 1st period - Wrist shot by Nick Suzuki.
16:00 of 1st period - Stopped by Brian Elliott without a rebound.
16:01 of 1st period - Evgeni Malkin wins face-off versus Connor McDavid in Minnesota North Stars zone.
16:06 of 1st period - Snap shot by Evgeni Malkin.
16:06 of 1st period - Stopped by Connor Hellebuyck with a rebound.
16:10 of 1st period - Wrist shot by David Perron.
16:10 of 1st period - Shot Misses the Net.
16:12 of 1st period - Slapshot by Nick Holden.
16:12 of 1st period - Shot Misses the Net.
16:31 of 1st period - Minor Penalty to Adam Lowry for High sticking.
16:32 of 1st period - Jonathan Toews wins face-off versus Connor McDavid in Minnesota North Stars zone.
17:06 of 1st period - Snap shot by Mathew Barzal.
17:06 of 1st period - Stopped by Brian Elliott with a rebound.
17:08 of 1st period - Slapshot by Dylan Larkin.
17:08 of 1st period - Shot Blocked by Zdeno Chara.
18:31 of 1st period - Penalty to Adam Lowry is over, Adam Lowry is back on ice.
18:40 of 1st period - Slapshot by Nick Suzuki.
18:40 of 1st period - Shot Blocked by Neal Pionk.
19:04 of 1st period - Wrist shot by Conor Sheary.
19:04 of 1st period - Stopped by Connor Hellebuyck with a rebound.
19:10 of 1st period - Wrist shot by Nino Niederreiter.
19:10 of 1st period - Stopped by Connor Hellebuyck without a rebound.
19:11 of 1st period - Jonathan Toews wins face-off versus Nick Suzuki in Winnipeg Jets zone.
19:16 of 1st period - Snap shot by Viktor Arvidsson.
19:16 of 1st period - Shot Misses the Net.
19:18 of 1st period - Snap shot by Jeff Skinner.
19:18 of 1st period - Shot Hit the Post.
19:20 of 1st period - Snap shot by Zdeno Chara.
19:20 of 1st period - Stopped by Connor Hellebuyck without a rebound.
19:21 of 1st period - Nick Suzuki wins face-off versus Jonathan Toews in Winnipeg Jets zone.
19:35 of 1st period - Slapshot by Viktor Arvidsson.
19:35 of 1st period - Shot Misses the Net.
19:37 of 1st period - Slapshot by Zdeno Chara.
19:37 of 1st period - Shot Blocked by Nick Suzuki.
19:39 of 1st period - Snap shot by Viktor Arvidsson.
19:39 of 1st period - Shot Misses the Net.
19:41 of 1st period - Slapshot by Rasmus Dahlin.
19:41 of 1st period - Stopped by Connor Hellebuyck with a rebound.
19:43 of 1st period - Slapshot by Zdeno Chara.
19:43 of 1st period - Shot Blocked by Brandon Montour.
19:45 of 1st period - Slapshot by Rasmus Dahlin.
19:45 of 1st period - Goal by Rasmus Dahlin - Minnesota North Stars : 2 - Winnipeg Jets : 2.
19:46 of 1st period - Evgeni Malkin wins face-off versus Ryan Nugent-Hopkins in neutral zone.
19:55 of 1st period - Wrist shot by Connor McDavid.
19:55 of 1st period - Shot Misses the Net.
Goals for this period are 2 for Minnesota North Stars vs 2 for Winnipeg Jets.
Shots for this period are 12 for Minnesota North Stars vs 11 for Winnipeg Jets.
2nd period
0:01 of 2nd period - Connor McDavid wins face-off versus Evgeni Malkin in neutral zone.
0:04 of 2nd period - David Perron is hit by Connor McDavid and loses puck.
0:11 of 2nd period - Snap shot by Ryan Nugent-Hopkins.
0:11 of 2nd period - Stopped by Brian Elliott with a rebound.
0:13 of 2nd period - Slapshot by Mark Stone.
0:13 of 2nd period - Shot Blocked by Rasmus Dahlin.
0:15 of 2nd period - Snap shot by Seth Jones.
0:15 of 2nd period - Deflect By Ryan Nugent-Hopkins.
0:15 of 2nd period - Shot Misses the Net.
0:15 of 2nd period - Puck is out of play.
0:16 of 2nd period - Jonathan Toews wins face-off versus Dylan Larkin in Minnesota North Stars zone.
0:16 of 2nd period - Jonathan Toews is hit by Mathew Barzal.
0:24 of 2nd period - Wrist shot by Dylan Larkin.
0:24 of 2nd period - Stopped by Brian Elliott with a rebound.
0:26 of 2nd period - Snap shot by Dylan Larkin.
0:26 of 2nd period - Shot Blocked by Zdeno Chara.
0:28 of 2nd period - Wrist shot by Mathew Barzal.
0:28 of 2nd period - Stopped by Brian Elliott with a rebound.
0:30 of 2nd period - Slapshot by Seth Jones.
0:30 of 2nd period - Deflect By Rasmus Dahlin.
0:30 of 2nd period - Stopped by Brian Elliott with a rebound.
0:32 of 2nd period - Slapshot by Dylan Larkin.
0:32 of 2nd period - Stopped by Brian Elliott with a rebound.
0:55 of 2nd period - Slapshot by Viktor Arvidsson.
0:55 of 2nd period - Stopped by Connor Hellebuyck with a rebound.
1:19 of 2nd period - Snap shot by Viktor Arvidsson.
1:19 of 2nd period - Shot Misses the Net.
1:25 of 2nd period - Snap shot by Connor McDavid.
1:25 of 2nd period - Shot Misses the Net.
1:27 of 2nd period - Snap shot by Seth Jones.
1:27 of 2nd period - Deflect By Alex Goligoski.
1:27 of 2nd period - Stopped by Brian Elliott with a rebound.
1:29 of 2nd period - Wrist shot by Mark Stone.
1:29 of 2nd period - Shot Blocked by Alex Goligoski.
1:41 of 2nd period - Wrist shot by Ryan Nugent-Hopkins.
1:41 of 2nd period - Stopped by Brian Elliott without a rebound.
1:42 of 2nd period - Evgeni Malkin wins face-off versus Dylan Larkin in Minnesota North Stars zone.
2:14 of 2nd period - Snap shot by Yegor Sharangovich.
2:14 of 2nd period - Stopped by Connor Hellebuyck without a rebound.
2:15 of 2nd period - Adam Lowry wins face-off versus Nick Suzuki in Winnipeg Jets zone.
2:40 of 2nd period - Neal Pionk is hit by Dylan Larkin and loses puck.
3:11 of 2nd period - Snap shot by Pius Suter.
3:11 of 2nd period - Stopped by Brian Elliott without a rebound.
3:12 of 2nd period - Connor McDavid wins face-off versus Evgeni Malkin in Minnesota North Stars zone.
4:00 of 2nd period - Off-side.
4:01 of 2nd period - Jonathan Toews wins face-off versus Nick Suzuki in neutral zone.
4:08 of 2nd period - Snap shot by Jeff Skinner.
4:08 of 2nd period - Shot Misses the Net.
4:14 of 2nd period - Snap shot by Andrew Copp.
4:14 of 2nd period - Shot Misses the Net.
4:16 of 2nd period - Snap shot by Nick Suzuki.
4:16 of 2nd period - Stopped by Brian Elliott without a rebound.
4:17 of 2nd period - Ryan Nugent-Hopkins wins face-off versus Evgeni Malkin in Minnesota North Stars zone.
4:26 of 2nd period - Slapshot by Ryan Nugent-Hopkins.
4:26 of 2nd period - Shot Blocked by David Perron.
4:44 of 2nd period - Tyler Toffoli is hit by Adam Lowry and loses puck.
5:10 of 2nd period - Wrist shot by Jonathan Marchessault.
5:10 of 2nd period - Shot Misses the Net.
5:52 of 2nd period - Jack Hughes is hit by Andrew Cogliano and loses puck.
6:25 of 2nd period - Slapshot by Kyle Palmieri.
6:25 of 2nd period - Stopped by Brian Elliott without a rebound.
6:26 of 2nd period - Connor McDavid wins face-off versus Adam Lowry in Minnesota North Stars zone.
6:53 of 2nd period - Gustav Nyquist is hit by Aaron Ekblad and loses puck.
8:04 of 2nd period - Off-side.
8:05 of 2nd period - Connor McDavid wins face-off versus Andrew Poturalski in neutral zone.
8:20 of 2nd period - Wrist shot by Nino Niederreiter.
8:20 of 2nd period - Deflect By Conor Sheary.
8:20 of 2nd period - Shot Misses the Net.
8:20 of 2nd period - Puck is out of play.
8:21 of 2nd period - Evgeni Malkin wins face-off versus Dylan Larkin in Winnipeg Jets zone.
8:26 of 2nd period - Snap shot by Evgeni Malkin.
8:26 of 2nd period - Stopped by Connor Hellebuyck with a rebound.
8:30 of 2nd period - Snap shot by Jack Hughes.
8:30 of 2nd period - Stopped by Connor Hellebuyck with a rebound.
8:32 of 2nd period - Backhand shot by Zdeno Chara.
8:32 of 2nd period - Deflect By Aaron Ekblad.
8:32 of 2nd period - Stopped by Connor Hellebuyck with a rebound.
8:34 of 2nd period - Slapshot by Rasmus Dahlin.
8:34 of 2nd period - Stopped by Connor Hellebuyck with a rebound.
8:36 of 2nd period - Slapshot by Rasmus Dahlin.
8:36 of 2nd period - Stopped by Connor Hellebuyck without a rebound.
8:37 of 2nd period - Adam Lowry wins face-off versus Connor McDavid in Winnipeg Jets zone.
8:38 of 2nd period - Snap shot by Gustav Nyquist.
8:38 of 2nd period - Stopped by Connor Hellebuyck with a rebound.
8:46 of 2nd period - Slapshot by Seth Jones.
8:46 of 2nd period - Stopped by Brian Elliott with a rebound.
8:48 of 2nd period - Snap shot by Connor McDavid.
8:48 of 2nd period - Stopped by Brian Elliott with a rebound.
8:50 of 2nd period - Wrist shot by Aaron Ekblad.
8:50 of 2nd period - Stopped by Brian Elliott with a rebound.
8:52 of 2nd period - Slapshot by Aaron Ekblad.
8:52 of 2nd period - Deflect By Ryan Nugent-Hopkins.
8:52 of 2nd period - Goal by Ryan Nugent-Hopkins - Minnesota North Stars : 2 - Winnipeg Jets : 3.
8:53 of 2nd period - Connor McDavid wins face-off versus Evgeni Malkin in neutral zone.
9:45 of 2nd period - Jonathan Toews is hit by Jacob Trouba and loses puck.
9:56 of 2nd period - Snap shot by Jonathan Toews.
9:56 of 2nd period - Stopped by Connor Hellebuyck with a rebound.
9:58 of 2nd period - Snap shot by Jonathan Toews.
9:58 of 2nd period - Shot Blocked by Mathew Barzal.
10:00 of 2nd period - Snap shot by Jeff Skinner.
10:00 of 2nd period - Shot Misses the Net.
10:02 of 2nd period - Slapshot by Jeff Skinner.
10:02 of 2nd period - Shot Misses the Net.
10:52 of 2nd period - Off-side.
10:53 of 2nd period - Evgeni Malkin wins face-off versus Ryan Nugent-Hopkins in neutral zone.
12:29 of 2nd period - Slapshot by Gustav Forsling.
12:29 of 2nd period - Stopped by Connor Hellebuyck with a rebound.
12:31 of 2nd period - Slapshot by Gustav Forsling.
12:31 of 2nd period - Deflect By Conor Sheary.
12:31 of 2nd period - Goal by Conor Sheary - Minnesota North Stars : 3 - Winnipeg Jets : 3.
12:32 of 2nd period - Connor McDavid wins face-off versus Jack Hughes in neutral zone.
13:01 of 2nd period - Slapshot by Rasmus Dahlin.
13:01 of 2nd period - Deflect By Gustav Nyquist.
13:01 of 2nd period - Shot Blocked by Andrew Copp.
13:01 of 2nd period - Puck is out of play.
13:02 of 2nd period - Adam Lowry wins face-off versus Nick Suzuki in Winnipeg Jets zone.
13:54 of 2nd period - Snap shot by Viktor Arvidsson.
13:54 of 2nd period - Deflect By Jeff Skinner.
13:54 of 2nd period - Stopped by Connor Hellebuyck with a rebound.
13:56 of 2nd period - Slapshot by Alex Goligoski.
13:56 of 2nd period - Stopped by Connor Hellebuyck without a rebound.
13:57 of 2nd period - Adam Lowry wins face-off versus Dylan Larkin in Winnipeg Jets zone.
14:02 of 2nd period - Wrist shot by Yegor Sharangovich.
14:02 of 2nd period - Shot Blocked by Tyler Toffoli.
14:04 of 2nd period - Snap shot by Gustav Nyquist.
14:04 of 2nd period - Stopped by Connor Hellebuyck with a rebound.
14:49 of 2nd period - Wrist shot by Jonathan Marchessault.
14:49 of 2nd period - Stopped by Brian Elliott without a rebound.
14:50 of 2nd period - Adam Lowry wins face-off versus Mathew Barzal in Minnesota North Stars zone.
15:01 of 2nd period - Snap shot by Yegor Sharangovich.
15:01 of 2nd period - Shot Misses the Net.
15:03 of 2nd period - Snap shot by Adam Lowry.
15:03 of 2nd period - Shot Blocked by Jacob Trouba.
15:17 of 2nd period - Jack Hughes is hit by Ryan Nugent-Hopkins and loses puck.
15:24 of 2nd period - Connor McDavid is hit by Jack Hughes and loses puck.
15:45 of 2nd period - Slapshot by Nino Niederreiter.
15:45 of 2nd period - Stopped by Connor Hellebuyck without a rebound.
15:46 of 2nd period - Dylan Larkin wins face-off versus Andrew Poturalski in Winnipeg Jets zone.
16:15 of 2nd period - Connor McDavid is hit by David Perron and loses puck.
16:58 of 2nd period - Yegor Sharangovich is hit by Kyle Palmieri and loses puck.
17:11 of 2nd period - Wrist shot by Pius Suter.
17:11 of 2nd period - Stopped by Brian Elliott without a rebound.
17:12 of 2nd period - Evgeni Malkin wins face-off versus Connor McDavid in Minnesota North Stars zone.
17:22 of 2nd period - Neal Pionk is hit by Ryan Nugent-Hopkins.
17:38 of 2nd period - Neal Pionk is hit by Tyler Toffoli and loses puck.
17:47 of 2nd period - Snap shot by Dylan Larkin.
17:47 of 2nd period - Shot Misses the Net.
18:32 of 2nd period - Wrist shot by Jack Hughes.
18:32 of 2nd period - Deflect By David Perron.
18:32 of 2nd period - Stopped by Connor Hellebuyck with a rebound.
19:08 of 2nd period - Snap shot by Conor Sheary.
19:08 of 2nd period - Goal by Conor Sheary - Minnesota North Stars : 4 - Winnipeg Jets : 3.
19:09 of 2nd period - Connor McDavid wins face-off versus Evgeni Malkin in neutral zone.
19:11 of 2nd period - Off-side.
19:12 of 2nd period - Evgeni Malkin wins face-off versus Connor McDavid in neutral zone.
19:45 of 2nd period - Wrist shot by Nick Suzuki.
19:45 of 2nd period - Shot Misses the Net.
19:51 of 2nd period - Nick Suzuki is hit by David Perron and loses puck.
19:56 of 2nd period - Wrist shot by Evgeni Malkin.
19:56 of 2nd period - Stopped by Connor Hellebuyck with a rebound.
19:58 of 2nd period - Slapshot by Zdeno Chara.
19:58 of 2nd period - Shot Blocked by Jacob Trouba.
Goals for this period are 2 for Minnesota North Stars vs 1 for Winnipeg Jets.
Shots for this period are 18 for Minnesota North Stars vs 16 for Winnipeg Jets.
3rd period
0:01 of 3rd period - Evgeni Malkin wins face-off versus Connor McDavid in neutral zone.
0:04 of 3rd period - Mark Stone is hit by Rasmus Dahlin and loses puck.
0:09 of 3rd period - Wrist shot by Evgeni Malkin.
0:09 of 3rd period - Stopped by Connor Hellebuyck with a rebound.
0:11 of 3rd period - Wrist shot by Evgeni Malkin.
0:11 of 3rd period - Shot Blocked by Seth Jones.
0:13 of 3rd period - Wrist shot by Jack Hughes.
0:13 of 3rd period - Shot Misses the Net.
0:27 of 3rd period - Rasmus Dahlin is hit by Tyler Toffoli and loses puck.
0:59 of 3rd period - Snap shot by Gustav Nyquist.
0:59 of 3rd period - Shot Misses the Net.
1:59 of 3rd period - Slapshot by Mathew Barzal.
1:59 of 3rd period - Stopped by Brian Elliott with a rebound.
2:01 of 3rd period - Slapshot by Jacob Trouba.
2:01 of 3rd period - Stopped by Brian Elliott with a rebound.
2:03 of 3rd period - Snap shot by Brandon Montour.
2:03 of 3rd period - Shot Blocked by Alex Goligoski.
2:26 of 3rd period - Slapshot by Nick Suzuki.
2:26 of 3rd period - Stopped by Brian Elliott with a rebound.
2:36 of 3rd period - Evgeni Malkin is hit by Andrew Cogliano and loses puck.
2:43 of 3rd period - Backhand shot by Nick Holden.
2:43 of 3rd period - Stopped by Connor Hellebuyck without a rebound.
2:44 of 3rd period - Gustav Nyquist wins face-off versus Connor McDavid in Winnipeg Jets zone.
2:47 of 3rd period - Snap shot by Gustav Nyquist.
2:47 of 3rd period - Stopped by Connor Hellebuyck without a rebound.
2:48 of 3rd period - Connor McDavid wins face-off versus Adam Lowry in Winnipeg Jets zone.
3:00 of 3rd period - Icing by Gustav Forsling.
3:01 of 3rd period - Connor McDavid wins face-off versus Adam Lowry in Minnesota North Stars zone.
3:06 of 3rd period - Snap shot by Mark Stone.
3:06 of 3rd period - Deflect By Ryan Nugent-Hopkins.
3:06 of 3rd period - Stopped by Brian Elliott with a rebound.
3:24 of 3rd period - Snap shot by Yegor Sharangovich.
3:24 of 3rd period - Shot Misses the Net.
3:26 of 3rd period - Wrist shot by Gustav Nyquist.
3:26 of 3rd period - Deflect By Ryan Nugent-Hopkins.
3:26 of 3rd period - Stopped by Connor Hellebuyck with a rebound.
3:28 of 3rd period - Wrist shot by Adam Lowry.
3:28 of 3rd period - Shot Misses the Net.
3:30 of 3rd period - Slapshot by Adam Lowry.
3:30 of 3rd period - Shot Blocked by Seth Jones.
3:52 of 3rd period - Wrist shot by Gustav Nyquist.
3:52 of 3rd period - Deflect By Yegor Sharangovich.
3:52 of 3rd period - Shot Blocked by Aaron Ekblad.
3:52 of 3rd period - Puck is out of play.
3:53 of 3rd period - Dylan Larkin wins face-off versus Evgeni Malkin in Winnipeg Jets zone.
3:55 of 3rd period - Minor Penalty to Dylan Larkin for Hooking.
3:56 of 3rd period - Evgeni Malkin wins face-off versus Andrew Cogliano in Winnipeg Jets zone.
5:06 of 3rd period - Snap shot by Mathew Barzal.
5:06 of 3rd period - Shot Blocked by Alex Goligoski.
5:55 of 3rd period - Penalty to Dylan Larkin is over, Dylan Larkin is back on ice.
6:02 of 3rd period - Dylan Larkin is hit by Gustav Nyquist and loses puck.
6:36 of 3rd period - Alex Goligoski is hit by Brandon Montour and loses puck.
6:59 of 3rd period - Snap shot by Jonathan Marchessault.
6:59 of 3rd period - Shot Misses the Net.
7:16 of 3rd period - Rasmus Dahlin is hit by John Klingberg and loses puck.
7:21 of 3rd period - Wrist shot by Mathew Barzal.
7:21 of 3rd period - Shot Blocked by Rasmus Dahlin.
7:31 of 3rd period - Wrist shot by Connor McDavid.
7:31 of 3rd period - Stopped by Brian Elliott with a rebound.
8:49 of 3rd period - John Klingberg is hit by Nick Holden and loses puck.
9:25 of 3rd period - Icing by David Perron.
9:26 of 3rd period - Adam Lowry wins face-off versus Connor McDavid in Minnesota North Stars zone.
9:26 of 3rd period - Adam Lowry is hit by John Klingberg.
9:32 of 3rd period - Wrist shot by Gustav Nyquist.
9:32 of 3rd period - Stopped by Connor Hellebuyck with a rebound.
9:34 of 3rd period - Slapshot by Nick Holden.
9:34 of 3rd period - Shot Blocked by Ryan Nugent-Hopkins.
9:57 of 3rd period - Snap shot by Dylan Larkin.
9:57 of 3rd period - Stopped by Brian Elliott with a rebound.
10:13 of 3rd period - Neal Pionk is hit by Jacob Trouba.
11:19 of 3rd period - Slapshot by Evgeni Malkin.
11:19 of 3rd period - Shot Blocked by Kevin Shattenkirk.
11:21 of 3rd period - Snap shot by Rasmus Dahlin.
11:21 of 3rd period - Shot Blocked by Kevin Shattenkirk.
11:44 of 3rd period - Icing by Viktor Arvidsson.
11:45 of 3rd period - Jonathan Toews wins face-off versus Connor McDavid in Minnesota North Stars zone.
11:54 of 3rd period - Snap shot by Jeff Skinner.
11:54 of 3rd period - Shot Blocked by Aaron Ekblad.
11:56 of 3rd period - Snap shot by Alex Goligoski.
11:56 of 3rd period - Stopped by Connor Hellebuyck with a rebound.
12:09 of 3rd period - Minor Penalty to Connor McDavid for Hooking.
12:10 of 3rd period - Evgeni Malkin wins face-off versus Pius Suter in Winnipeg Jets zone.
13:26 of 3rd period - Snap shot by Nick Suzuki.
13:26 of 3rd period - Stopped by Brian Elliott without a rebound.
13:27 of 3rd period - Nick Suzuki wins face-off versus Jonathan Toews in Minnesota North Stars zone.
13:34 of 3rd period - Nick Suzuki is hit by Rasmus Dahlin.
14:09 of 3rd period - Penalty to Connor McDavid is over, Connor McDavid is back on ice.
14:28 of 3rd period - Slapshot by Yegor Sharangovich.
14:28 of 3rd period - Stopped by Connor Hellebuyck with a rebound.
14:37 of 3rd period - Off-side.
14:38 of 3rd period - Nick Suzuki wins face-off versus Andrew Poturalski in neutral zone.
14:47 of 3rd period - Wrist shot by Andrew Copp.
14:47 of 3rd period - Shot Misses the Net.
15:01 of 3rd period - Neal Pionk is hit by Jonathan Marchessault and loses puck.
15:22 of 3rd period - Slapshot by Brandon Montour.
15:22 of 3rd period - Deflect By Nick Suzuki.
15:22 of 3rd period - Shot Misses the Net.
15:22 of 3rd period - Puck is out of play.
15:23 of 3rd period - Yegor Sharangovich wins face-off versus Connor McDavid in Minnesota North Stars zone.
15:36 of 3rd period - Adam Lowry is hit by Ryan Nugent-Hopkins and loses puck.
15:57 of 3rd period - Off-side.
15:58 of 3rd period - Evgeni Malkin wins face-off versus Connor McDavid in neutral zone.
16:05 of 3rd period - Wrist shot by Evgeni Malkin.
16:05 of 3rd period - Stopped by Connor Hellebuyck with a rebound.
16:25 of 3rd period - Jonathan Marchessault is hit by Gustav Forsling and loses puck.
17:36 of 3rd period - Wrist shot by Kyle Palmieri.
17:36 of 3rd period - Shot Blocked by Yegor Sharangovich.
18:27 of 3rd period - Wrist shot by Connor McDavid.
18:27 of 3rd period - Deflect By Ryan Nugent-Hopkins.
18:27 of 3rd period - Shot Misses the Net.
18:27 of 3rd period - Puck is out of play.
18:28 of 3rd period - Jeff Skinner wins face-off versus Connor McDavid in Minnesota North Stars zone.
18:30 of 3rd period - Minor Penalty to Jeff Skinner for Hooking.
18:31 of 3rd period - Jonathan Toews wins face-off versus Mark Stone in Minnesota North Stars zone.
19:09 of 3rd period - Wrist shot by David Perron.
19:09 of 3rd period - Stopped by Connor Hellebuyck without a rebound.
19:10 of 3rd period - Barry Trotz call a timeout for Winnipeg Jets.
19:10 of 3rd period - Connor McDavid wins face-off versus Adam Lowry in Winnipeg Jets zone.
19:31 of 3rd period - Wrist shot by Jack Hughes.
19:31 of 3rd period - Stopped by Connor Hellebuyck with a rebound.
19:46 of 3rd period - Winnipeg Jets, Connor Hellebuyck is pulled from the net.
Goals for this period are 0 for Minnesota North Stars vs 0 for Winnipeg Jets.
Shots for this period are 10 for Minnesota North Stars vs 7 for Winnipeg Jets.
Back to the Top